 Dungeon Crawl Stone Soup version 0.31.0-11-ge490571c62 (webtiles) character file.

Game seed: 14169244605389697853

476 Marvel the Cudgeller (level 6, 0/61 HPs)
             Began as a Troll Berserker on Feb 9, 2024.
             Was a Believer of Trog.
             Succumbed to a water moccasin's poison
             ... on level 3 of the Dungeon.
             The game lasted 00:03:04 (2468 turns).

Marvel the Cudgeller (Troll Berserker)              Turns: 2468, Time: 00:03:05

Health: 0/61       AC:  6    Str: 28    XL:     6   Next: 85%
Magic:  5/5        EV: 10    Int:  3    God:    Trog [**....]
Gold:   147        SH:  5    Dex:  9    Spells: 5/5 levels left

rFire   + . .        q - +0 flail
rCold   . . .        (no shield)
rNeg    . . .        r - +2 robe of the Smoking Gods {rF+}
rPois   .            (helmet restricted)
rElec   .            (no cloak)
rCorr   .            (gloves unavailable)
SInv    .            (boots unavailable)
Will    .....        o - amulet of reflection
Stlth   +            (no ring)
HPRegen 1.10/turn    (no ring)
MPRegen 0.09/turn

%: reflection
@: lethally poisoned (0 -> -29)
A: large, unfitting armour, claws 3, regeneration 1, shaggy fur 1, tough skin 1
a: Renounce Religion, Berserk, Trog's Hand


You were on level 3 of the Dungeon.
You worshipped Trog.
Trog was pleased with you.
You visited 1 branch of the dungeon, and saw 3 of its levels.

You collected 147 gold pieces.

Inventory:

Hand Weapons
 a - a +0 mace
 q - a +0 flail (weapon)
Missiles
 k - 6 atropa-tipped darts (quivered)
Armour
 b - a +0 animal skin
 r - the +2 robe of the Smoking Gods (worn) {rF+}
   (You found it on level 3 of the Dungeon)

   rF+:       It protects you from fire.
Jewellery
 i - a +6 ring of dexterity
 n - the amulet "Ejunwonn" {RegenMP rC+ Int+3}
   (You found it on level 2 of the Dungeon)

   [amulet of magic regeneration]

   RegenMP:   It increases your rate of magic regeneration.
   Int+3:     It affects your intelligence (+3).
   rC+:       It protects you from cold.
 o - an amulet of reflection (around neck)
Wands
 t - a wand of polymorph (8)
Scrolls
 c - a scroll of acquirement {unknown}
 f - a scroll of noise {unknown}
 g - a scroll of vulnerability {unknown}
 h - a scroll of teleportation {unknown}
 l - a scroll of torment {unknown}
 p - a scroll of enchant armour {unknown}
 u - 3 scrolls of identify {unknown}
 w - a scroll of silence {unknown}
Potions
 e - a potion of resistance {unknown}
 j - a potion of lignification {unknown}
 m - a potion of haste {unknown}
 s - a potion of magic {unknown}
 v - a potion of attraction {unknown}
 x - 2 potions of curing {unknown}


   Skills:
 + Level 3.6 Fighting
 + Level 5.2 Maces & Flails
 + Level 3.8 Dodging
 + Level 1.4 Shields


You had 5 spell levels left.
You didn't know any spells.
Your spell library was empty.

Dungeon Overview and Level Annotations

Branches:
Dungeon (3/15)

Altars:
Xom

Annotations:
D:3 tezkier's ghost, amateur DjFE


Innate Abilities, Weirdness & Mutations

You are too large for most types of armour.
You have claws for hands.
Your natural rate of healing is unusually fast.
You are covered in fur. (AC +1)
You have tough skin. (AC +1)


Message History

The water moccasin bites you but does no damage.
You feel sick.
You feel sick.
The water moccasin attacks as it pursues you!
The water moccasin bites you.
You are more poisoned.
The water moccasin poisons you!
You feel very sick. The bat hits you but does no damage.
The water moccasin barely misses you. The adder attacks as it pursues you!
The adder barely misses you.
You feel very sick. The bat hits you but does no damage.
You feel very sick. The bat hits you but does no damage.
You feel very sick.
You feel sick. The water moccasin bites you!
You are more poisoned.
The water moccasin poisons you!
You feel very sick.
You closely miss the water moccasin.
You feel very sick.
The water moccasin bites you but does no damage.
You block the water moccasin's attack.
You hit the water moccasin.
The water moccasin is lightly wounded.
You feel very sick. The water moccasin bites you.
* * * LOW HITPOINT WARNING * * *
You are lethally poisoned!
The water moccasin poisons you!
You completely miss the water moccasin.
The water moccasin is lightly wounded.
* * * LOW HITPOINT WARNING * * *
You feel very sick. The water moccasin bites you.
* * * LOW HITPOINT WARNING * * *
You are more poisoned.
The water moccasin poisons you! The water moccasin barely misses you.
It was a potion of cancellation.
You feel magically purged.
You die...

##.....#.#####.#.#.###.#######.#
####...##.# #.<.....#
#.#######.# ...##'###.#
#.#.#.### #.##......# ##.##.#
#.# #.#.#.#####.##.###### #.##.#
#.###.#.........##.#
#.##.###.........########.#
##.#...######.##### #.#
........#####.###### #.######
####............@Sb# #.......
##.############S# ######## #.#
####.########## #.#
###....S........# #.#
#...............# #.#
#.#..#########..### #.#
#....#.......#....# # #####.###
#....#.......#..#.### ........#
#.#..#.......'..#...#


You could see a water moccasin, an adder and a bat.

Vanquished Creatures
  Grinder (D:3)
  Sigmund (D:3)
  4 gnolls (D:3)
  An adder (D:2)
  2 dart slugs
  8 endoplasms
  A giant cockroach (D:2)
  13 goblins
  7 hobgoblins (D:2)
  2 jackals (D:3)
  4 quokkas
  2 ball pythons
  6 bats
  2 frilled lizards (D:1)
  3 kobolds
  6 rats
63 creatures vanquished.

Notes
Turn   | Place    | Note
-------+----------+-------------------------------------------
     0 | D:1      | Marvel the Troll Berserker began the quest for the Orb.
     0 | D:1      | Reached XP level 1. HP: 22/22 MP: 0/0
   369 | D:1      | Reached XP level 2. HP: 29/29 MP: 1/1
   696 | D:2      | Found a shimmering altar of Xom.
   708 | D:2      | Reached skill level 3 in Maces & Flails
   808 | D:2      | Identified the amulet "Ejunwonn" {RegenMP rC+ Int+3}
   956 | D:2      | Reached XP level 3. HP: 36/36 MP: 2/2
   958 | D:2      | Reached ** piety under Trog
  1132 | D:2      | Found a faded altar of an unknown god.
  1352 | D:3      | Found a runed translucent gate.
  1352 | D:3      | Found a runed translucent gate.
  1352 | D:3      | Noticed tezkier's ghost (amateur DjFE)
  1370 | D:3      | Noticed Sigmund
  1386 | D:3      | Noticed a water moccasin
  1413 | D:3      | Found a runed translucent gate.
  1442 | D:3      | Killed Sigmund
  1443 | D:3      | Reached skill level 4 in Maces & Flails
  1443 | D:3      | Reached skill level 1 in Shields
  1443 | D:3      | Reached XP level 4. HP: 34/45 MP: 3/3
  1443 | D:3      | Reached XP level 5. HP: 41/53 MP: 4/4
  1615 | D:3      | Reached XP level 6. HP: 59/61 MP: 5/5
  1758 | D:3      | Noticed Grinder
  1767 | D:3      | Paralysed by Grinder for 3 turns
  1773 | D:3      | Killed Grinder
  1774 | D:3      | Reached skill level 5 in Maces & Flails
  2002 | D:3      | Identified the +2 robe of the Smoking Gods {rF+}
  2468 | D:3      | Succumbed to a water moccasin's poison

Illustrated notes

Levels and vault maps discovered:
D:1:      ncdulo_wetmaze, layout_basic
D:2:      cheibrodos_greedy_goblins, layout_rooms,
          shapermc_ecumenical_altar_notcrosses, basic_altar, bh_walls_and_bars
D:3:      layout_loops_corners, gammafunk_ghost_split, uniq_grinder,
          uniq_sigmund

Skill      XL: |  1  2  3  4  5  6 |
---------------+-------------------+-----
Maces & Flails | 3 4 5 |  5.2
Fighting       | 3 |  3.6
Dodging        | 3 |  3.8
Shields        | 1 |  1.4

Action                     |  1- 3 |  4- 6 || total
---------------------------+-------+-------++-------
  Melee: Mace              |   139 |    22 ||   161
         Flail             |       |    24 ||    24
         Unarmed           |       |     4 ||     4
         Punch             |       |     1 ||     1
 Invoke: Berserk           |     1 |     2 ||     3
    Use: Potion            |       |     1 ||     1
   Stab: Sleeping          |     1 |       ||     1
 Armour: Animal skin       |   122 |    19 ||   141
         Robe              |       |    15 ||    15
         Skin              |       |     5 ||     5
  Dodge: Dodged            |    88 |    20 ||   108
  Block: Other             |    17 |    17 ||    34
